 Dungeon Crawl Stone Soup version 0.29-a0-1023-g6ae1a4a2c7 (webtiles) character file.

Game seed: 3352480528794074679

6167 garrulousMonolith the Basher (level 10, -8/63 HPs)
             Began as a Gargoyle Fighter on Aug 11, 2022.
             Was an Elder of Okawaru.
             Mangled by a gnoll sergeant
             ... wielding a +4 trident of protection
              (12 damage)
             ... on level 8 of the Dungeon.
             The game lasted 00:12:43 (10741 turns).

garrulousMonolith the Basher (Gargoyle Fighter)    Turns: 10741, Time: 00:12:43

Health: -8/63      AC: 24    Str: 20    XL:     10   Next: 90%
Magic:  14/14      EV: 10    Int: 11    God:    Okawaru [****..]
Gold:   474        SH:  5    Dex: 11    Spells: 9/9 levels left

rFire   + + .      SeeInvis +   j - +0 whip (elec)
rCold   x . .      Faith    .   c - +0 buckler
rNeg    + . .      Spirit   .   q - +0 fire dragon scales
rPois   ∞          Reflect  .   (no helmet)
rElec   +          Harm     .   s - +2 cloak {rCorr}
rCorr   +          Rampage  .   (no gloves)
Will    .....                   y - +2 pair of boots
Stlth   ..........              l - amulet of the acrobat
HPRegen 0.20/turn               G - ring of see invisible
MPRegen 0.14/turn               (no ring)

@: no status effects
A: sickness immunity, AC +7, negative energy resistance 1, electricity
resistance, torment resistance 1, petrification resistance
a: Renounce Religion, Heroism, Finesse


You were on level 8 of the Dungeon.
You worshipped Okawaru.
Okawaru was greatly pleased with you.
You visited 2 branches of the dungeon, and saw 9 of its levels.
You also visited: Ossuary.

You collected 474 gold pieces.

Inventory:

Hand Weapons
 f - a +0 morningstar
 h - a +2 dagger of electrocution
 j - a +0 whip of electrocution (weapon)
 p - a +3 dagger of venom
 x - a +1 flail of holy wrath
Missiles
 k - 26 poisoned darts (quivered)
 r - 12 javelins
 z - a throwing net
Armour
 b - a +0 scale mail
 c - a +0 buckler (worn)
 q - +0 fire dragon scales (worn)
 s - a +2 cloak of preservation (worn)
 y - a +2 pair of boots (worn)
 L - a +0 chain mail
Jewellery
 l - an amulet of the acrobat (around neck)
 t - a ring of wizardry
 G - a ring of see invisible (left hand)
Wands
 a - a wand of acid (5)
 H - a wand of mindburst (11)
 I - a wand of roots (11)
Scrolls
 d - a scroll of magic mapping
 e - a scroll of fear {unknown}
 i - a scroll of blinking
 m - 3 scrolls of poison
 v - 2 scrolls of fog
 w - a scroll of immolation {unknown}
 A - 3 scrolls of teleportation
 E - a scroll of noise {unknown}
 F - a scroll of summoning {unknown}
 J - a scroll of enchant weapon {unknown}
 K - a scroll of amnesia
 N - a scroll of identify
Potions
 g - a potion of haste
 n - a potion of attraction
 o - 2 potions of brilliance {unknown}
 u - a potion of ambrosia {unknown}
 B - a potion of curing
 C - 2 potions of mutation {unknown}
 D - 2 potions of cancellation
 M - a potion of invisibility {unknown}


   Skills:
 + Level 7.5 Fighting
 * Level 9.2 Maces & Flails
 + Level 7.5 Armour
 + Level 5.0 Dodging
 + Level 7.6 Shields
 + Level 5.4 Invocations


You had 9 spell levels left.
You didn't know any spells.
Your spell library contained the following spells:

 Spells                   Type           Power      Damage    Failure   Level
 Dazzling Flash           Conj/Hex       0%         N/A       99%         3
 Agony                    Necr           0%         N/A       100%        5
 Silence                  Hex/Air        0%         N/A       100%        5


Dungeon Overview and Level Annotations

Branches:
Dungeon (8/15)             Temple (1/1) D:6         Ossuary (visited)
   Lair: D:8-11

Altars:
Ashenzari
Cheibriados
Dithmenos
Elyvilon
Fedhas
Gozag
Kikubaaqudgha
Makhleb
Nemelex Xobeh
Okawaru
Qazlal
Ru
Sif Muna
Trog
Uskayaw
Vehumet
Wu Jian
Xom
Yredelemnul
Zin
The Shining One

Shops:
D:2 (


Innate Abilities, Weirdness & Mutations

You are immune to sickness and miasma.
Your stone body is resilient. (AC +7)
You are immune to poison.
You resist negative energy. (rN+)
You are resistant to electric shocks. (rElec)
You are resistant to unholy torment.
You are immune to petrification.


Message History

Aiming: Corrosive Bolt
Press: ? - help, Shift-Dir - straight line, f - orc, p - gnoll sergeant
Aim: an orc, wielding a +0 dagger, wearing a +0 leather armour, wearing a +0 buckler and carrying a wand of roots (11) (71% to hit)
The bolt of acid hits the bullfrog!
The acid corrodes the bullfrog!
The bullfrog is heavily wounded.
The bolt of acid hits the gnoll sergeant!
The gnoll sergeant seems to be corroded for longer.
The gnoll sergeant is severely wounded.
The bolt of acid hits the wight!
The acid corrodes the wight!
You destroy the wight!
Okawaru accepts your kill.
The bolt of acid hits the wight!
The wight is heavily damaged.
The bolt of acid hits the orc!
You kill the orc!
Okawaru accepts your kill.
The bullfrog hits you but does no damage.
The gnoll sergeant hits you from afar with a +0 spear.
* * * LOW HITPOINT WARNING * * *
The gnoll sergeant hits you but does no damage.
Aiming: Corrosive Bolt
Press: ? - help, Shift-Dir - straight line The bolt of acid misses the bullfrog.
The bolt of acid hits the gnoll sergeant.
The gnoll sergeant is almost dead.
The bolt of acid hits the steam dragon!
The steam dragon is moderately wounded.
The bullfrog hits you but does no damage.
The gnoll sergeant hits you but does no damage. x2
The bullfrog misses you.
Aiming: Corrosive Bolt
Press: ? - help, Shift-Dir - straight line The bolt of acid misses the bullfrog.
The bolt of acid misses the gnoll sergeant.
The bolt of acid misses the steam dragon.
The bolt of acid hits the wight!
The acid corrodes the wight!
The wight is heavily damaged.
The bullfrog barely misses you. You block the gnoll sergeant's attack.
The gnoll sergeant hits you from afar with a +4 trident of protection!
You die...

######### #.......# ###
#.......# #.. ###
#.......# #.. ....
#.......####.. ....$
#.zo..........
...)..#####.o.g.........
?......@Fg#.....D.#.##..
......###gDz)..z.......D
..... #####.....####..
.... #.......# ### ...
#.......# .. ........# .
.####..## ?$##.######
(/#......#


You could see a steam dragon, 2 gnoll sergeants, a bullfrog (corroded) and a
wight (corroded).

Vanquished Creatures
  Prince Ribbit (D:6)
  6 yaks
  A wyvern (D:8)
  3 steam dragons
  3 water moccasins
  2 orc warriors
  An ice beast (D:7)
  3 sky beasts
  2 ogres (D:4)
  2 centaurs
  3 phantoms
  3 kobold brigands
  2 necrophages
  5 bullfrogs
  A gnoll sergeant (D:7)
  A scorpion (D:5)
  6 wights
  16 killer bees
  2 howler monkeys
  8 crimson imps (D:7)
  5 hounds
  3 centaur zombies (Ossuary)
  Crazy Yiuf (D:2)
  A gnoll bouda (D:4)
  3 orc priests
  A jelly (D:5)
  2 iguanas
  3 orc wizards
  3 mummies
  15 gnolls
  9 adders
  A white imp (D:7)
  An ufetubus (D:5)
  An adder zombie (Ossuary)
  A worm (D:2)
  2 dart slugs (D:2)
  38 orcs
  12 ball pythons
  5 endoplasms
  2 giant cockroaches
  14 goblins
  4 hobgoblins
  2 jackals (D:3)
  14 kobolds
  3 quokkas
  4 bats
  6 frilled lizards
  A goblin zombie (D:5)
  12 hobgoblin zombies (Ossuary)
  3 jackal zombies (Ossuary)
  6 kobold zombies (Ossuary)
  10 orc zombies
  2 rats
  3 rat zombies (Ossuary)
264 creatures vanquished.

Notes
Turn   | Place    | Note
-------+----------+-------------------------------------------
     0 | D:1      | garrulousMonolith the Gargoyle Fighter began the quest for
                  | the Orb.
     0 | D:1      | Reached XP level 1. HP: 14/14 MP: 1/1
   399 | D:1      | Reached XP level 2. HP: 19/19 MP: 2/2
  1107 | D:2      | Reached XP level 3. HP: 16/23 MP: 3/3
  1404 | D:2      | Found Ecitz's Antique Weapon Shop.
  1593 | D:2      | Found a runed translucent door.
  1594 | D:2      | Noticed Crazy Yiuf
  1666 | D:2      | Reached XP level 4. HP: 28/28 MP: 4/4
  1698 | D:2      | Reached skill level 1 in Dodging
  1838 | D:2      | Killed Crazy Yiuf
  1839 | D:2      | Reached skill level 3 in Maces & Flails
  2075 | D:3      | Reached XP level 5. HP: 30/33 MP: 5/5
  3225 | D:4      | Noticed an ogre
  3237 | D:4      | Killed an ogre
  3238 | D:4      | Reached skill level 4 in Maces & Flails
  3238 | D:4      | Reached XP level 6. HP: 16/38 MP: 6/6
  3597 | D:4      | Reached XP level 7. HP: 24/44 MP: 7/7
  4247 | D:4      | Reached skill level 5 in Maces & Flails
  4515 | D:4      | Found a hide-covered altar of Uskayaw.
  4515 | D:4      | Found a snail-covered altar of Cheibriados.
  4516 | D:4      | Found an ornate altar of the Wu Jian Council.
  4534 | D:4      | Found a basalt altar of Yredelemnul.
  5116 | D:5      | Entered Level 5 of the Dungeon
  5155 | D:5      | Reached skill level 5 in Armour
  5258 | D:5      | Found an iron altar of Okawaru.
  5264 | D:5      | Became a worshipper of Warmaster Okawaru
  5271 | D:5      | Reached skill level 5 in Shields
  5300 | D:5      | Found a shimmering blue altar of Sif Muna.
  5362 | D:5      | Reached XP level 8. HP: 42/48 MP: 8/8
  5364 | D:5      | Reached skill level 5 in Fighting
  5364 | D:5      | Found a sand-covered staircase.
  5374 | Ossuary  | Entered an ossuary
  5665 | Ossuary  | Reached * piety under Okawaru
  5666 | Ossuary  | Reached skill level 1 in Invocations
  5941 | D:5      | Reached skill level 6 in Maces & Flails
  6076 | D:5      | Found a blossoming altar of Fedhas.
  6685 | D:6      | Reached XP level 9. HP: 55/55 MP: 10/10
  6873 | D:6      | Noticed Prince Ribbit
  6905 | D:6      | Killed Prince Ribbit
  6905 | D:6      | Reached ** piety under Okawaru
  7091 | D:6      | Found a staircase to the Ecumenical Temple.
  7128 | Temple   | Entered the Ecumenical Temple
  7471 | D:6      | Reached skill level 7 in Maces & Flails
  8553 | D:7      | Reached *** piety under Okawaru
  8768 | D:7      | Reached XP level 10. HP: 60/61 MP: 13/13
  8769 | D:7      | Reached skill level 8 in Maces & Flails
 10034 | D:7      | Reached **** piety under Okawaru
 10338 | D:7      | Reached skill level 5 in Invocations
 10635 | D:8      | Reached skill level 9 in Maces & Flails
 10665 | D:8      | Reached skill level 5 in Dodging
 10741 | D:8      | Mangled by a gnoll sergeant

Illustrated notes

Levels and vault maps discovered:
D:1:      minmay_arrival_wavy_path, layout_loops_ring
D:2:      kennysheep_the_goblin_king, layout_rooms, serial_shops,
          nicolae_lakefront_shop, uniq_crazy_yiuf_cottage
D:3:      layout_basic
D:4:      layout_basic, nicolae_overflow_quartered_altars, moated_statue,
          minivault_4
D:5:      layout_loops_corners, nicolae_overflow_crystal_walls,
          okawaru_gym_becter, led_sif_book, nicolae_ossuary_entry_giza,
          minmay_misc_feat_hallway
D:6:      layout_basic, minmay_temple_entry_glassed_door,
          dreamdust_wishing_well, serial_park_tiny_2,
          kennysheep_generic_room_13, uniq_prince_ribbit1
D:7:      layout_basic, grunt_decor_clamped, minmay_nine_imps
D:8:      layout_rooms, minmay_alternating_orb, uniq_maggie, uniq_psyche
Temple:   nicolae_temple_bog_church

Skill      XL: |  1  2  3  4  5  6  7  8  9 10 |
---------------+-------------------------------+-----
Dodging        | 1 2 3 4 5 |  5.0
Maces & Flails | 3 4 5 6 7 9 |  9.2
Armour         | 4 5 6 7 |  7.5
Shields        | 4 5 6 7 |  7.6
Fighting       | 4 5 6 7 |  7.5
Invocations    | 2 4 5 |  5.4

Action                   |  1- 3 |  4- 6 |  7- 9 | 10-12 || total
-------------------------+-------+-------+-------+-------++-------
Melee: Flail             |     6 |       |       |       ||     6
       Dagger            |    78 |   171 |       |    58 ||   307
       Whip              |       |    16 |   669 |   317 ||  1002
Throw: Dart              |       |     2 |     2 |       ||     4
Invok: Heroism           |       |       |     1 |     1 ||     2
Evoke: Wand              |       |       |       |     5 ||     5
  Use: Potion            |       |     3 |     4 |       ||     7
       Scroll            |       |     1 |     5 |     5 ||    11
 Stab: Invisible         |       |     1 |       |       ||     1
Armor: Scale mail        |    38 |     4 |       |       ||    42
       Fire dragon scale |       |    96 |   338 |   266 ||   700
Dodge: Dodged            |    44 |    89 |   335 |   317 ||   785
Block: Buckler           |     8 |    41 |   161 |   133 ||   343

Table legend: (Time is in decaauts)
 A = Elapsed time spent in this place.
 B = Non-inter-level travel time spent in this place.
 C = Inter-level travel time spent in this place.
 D = Time resting spent in this place.
 E = Time spent auto-exploring this place.
 F = Levels seen in this place.
 G = Mean time per level.
                   A        B        C        D        E       F      G
               +--------+--------+--------+--------+--------+-----+--------+
         Total |  10516 |  10304 |    212 |   2695 |   5269 |  10 | 1051.6 |
       Dungeon |   9977 |   9771 |    206 |   2689 |   4922 |   8 | 1247.1 |
        Temple |    184 |    178 |      6 |      0 |    166 |   1 |  184.0 |
       Ossuary |    354 |    354 |      0 |      6 |    180 |   1 |  354.0 |
               +--------+--------+--------+--------+--------+-----+--------+

Top non-repeatable levels by time:
     D:7: 2362 daAuts
     D:4: 1779 daAuts
     D:6: 1286 daAuts
     D:2: 1260 daAuts
     D:3: 1061 daAuts
     D:1: 987 daAuts
     D:5: 976 daAuts
 Ossuary: 354 daAuts
     D:8: 264 daAuts
  Temple: 184 daAuts
